[ PARTIDA AOE2 · #476206945 ]
Team RMYurchen vs Turks
[ ANÁLISIS DE REPETICIÓN · EXTRAÍDO DE LA PARTIDA GRABADA ]
Feudal
15:07
Castillos
21:39
Imperial
36:00
| APM promedio | 17.1 |
| APM pico | 100 |
| eAPM promedio | 13.2 |
| Aldeanos / militares | 102 / 34 |
Foco
⚔️ 15.7% · 🌾 84.3%
Fire Lancer ×24 · Iron Pagoda ×6 · Trebuchet (Packed) ×4
Feudal
11:17
Castillos
20:25
Imperial
36:53
| APM promedio | 22.1 |
| APM pico | 61 |
| eAPM promedio | 12.7 |
| Aldeanos / militares | 151 / 60 |
Foco
⚔️ 16.2% · 🌾 83.8%
Skirmisher ×60
Feudal
12:13
Castillos
17:48
Imperial
30:33
| APM promedio | 18.9 |
| APM pico | 45 |
| eAPM promedio | 14.0 |
| Aldeanos / militares | 128 / 153 |
Foco
⚔️ 31.4% · 🌾 68.6%
Janissary ×67 · Scout Cavalry ×66 · Bombard Cannon ×16 · Trade Cart ×11 · Trebuchet (Packed) ×4
Feudal
12:38
Castillos
17:49
Imperial
31:58
| APM promedio | 25.6 |
| APM pico | 102 |
| eAPM promedio | 15.4 |
| Aldeanos / militares | 127 / 153 |
Foco
⚔️ 32.6% · 🌾 67.4%
Scout Cavalry ×125 · Janissary ×25 · Trebuchet (Packed) ×2 · Monk ×1
Feudal
11:16
Castillos
21:32
Imperial
31:13
| APM promedio | 11.1 |
| APM pico | 27 |
| eAPM promedio | 10.2 |
| Aldeanos / militares | 146 / 74 |
Foco
⚔️ 13.4% · 🌾 86.6%
Longbowman ×68 · Trade Cart ×25 · Trebuchet (Packed) ×4 · Spearman ×1 · Monk ×1
Feudal
12:27
Castillos
16:22
Imperial
30:06
| APM promedio | 20.4 |
| APM pico | 41 |
| eAPM promedio | 15.8 |
| Aldeanos / militares | 113 / 114 |
Foco
⚔️ 28.9% · 🌾 71.1%
Scout Cavalry ×46 · Cavalry Archer ×35 · Mameluke ×24 · Trebuchet (Packed) ×6 · Monk ×3
Mapa de la partida
Recursos al inicio + cada clic de construcción. Línea gruesa = muro · recuadro discontinuo = muro de casas detectado. 🟡 oro · ⚪ piedra · 🟢 bayas · 🔶 jabalí · ⭕ reliquia
Inputs por minuto
— Meeting - - 專打臭嘴狗
Build order — Meeting
Primeras 150 de 334 acciones detectadas
| 4:09 | Construir | House |
| 4:11 | Construir | House |
| 4:13 | Construir | House |
| 4:15 | Crear | Villager (Male) |
| 4:16 | Crear | Villager (Male) |
| 4:16 | Crear | Villager (Male) |
| 4:16 | Crear | Villager (Male) |
| 4:16 | Crear | Villager (Male) |
| 4:16 | Crear | Villager (Male) |
| 5:45 | Crear | Villager (Male) |
| 6:01 | Crear | Villager (Male) |
| 6:06 | Construir | Lumber Camp |
| 6:34 | Crear | Villager (Male) |
| 6:58 | Crear | Villager (Male) |
| 7:35 | Crear | Villager (Male) |
| 7:57 | Crear | Villager (Male) |
| 8:57 | Construir | Mill |
| 9:04 | Crear | Villager (Male) |
| 9:19 | Investigar | Loom |
| 9:26 | Crear | Villager (Male) |
| 9:34 | Crear | Villager (Male) |
| 9:58 | Crear | Villager (Male) |
| 10:45 | Crear | Villager (Male) |
| 11:06 | Construir | Farm |
| 11:06 | Construir | Farm |
| 11:14 | Crear | Villager (Male) |
| 11:44 | Crear | Villager (Male) |
| 11:49 | Construir | House |
| 12:06 | Investigar | Loom |
| 12:32 | Crear | Villager (Male) |
| 12:42 | Investigar | Feudal Age |
| 13:35 | Crear | Villager (Male) |
| 14:09 | Crear | Villager (Male) |
| 14:28 | Construir | Barracks |
| 14:30 | Construir | House |
| 14:33 | Crear | Villager (Male) |
| 15:07 | Edad | Edad Feudal |
| 15:37 | Construir | Blacksmith |
| 15:49 | Construir | Mining Camp |
| 16:00 | Construir | Stable |
| 16:04 | Crear | Villager (Male) |
| 16:10 | Construir | House |
| 16:15 | Crear | Villager (Male) |
| 16:32 | Construir | Mining Camp |
| 16:35 | Crear | Villager (Male) |
| 16:47 | Construir | House |
| 17:01 | Crear | Villager (Male) |
| 17:04 | Crear | Villager (Male) |
| 17:19 | Construir | Lumber Camp |
| 17:56 | Construir | Farm |
| 17:57 | Construir | Farm |
| 18:34 | Crear | Villager (Male) |
| 18:49 | Investigar | Castle Age |
| 19:39 | Construir | Farm |
| 19:39 | Construir | Farm |
| 19:40 | Construir | Farm |
| 19:41 | Construir | Farm |
| 19:51 | Construir | Farm |
| 19:51 | Construir | Farm |
| 20:36 | Construir | Stone Wall |
| 20:45 | Construir | Building 490 |
| 20:53 | Construir | House |
| 20:58 | Construir | Farm |
| 21:39 | Edad | Edad de los Castillos |
| 21:46 | Construir | Town Center |
| 21:56 | Crear | Villager (Male) |
| 21:56 | Crear | Villager (Male) |
| 22:41 | Construir | Town Center |
| 22:43 | Crear | Villager (Male) |
| 23:08 | Crear | Villager (Male) |
| 23:13 | Construir | Farm |
| 23:18 | Crear | Villager (Male) |
| 23:50 | Crear | Fire Lancer |
| 23:50 | Crear | Fire Lancer |
| 24:16 | Crear | Villager (Male) |
| 24:17 | Crear | Villager (Male) |
| 24:22 | Crear | Villager (Male) |
| 24:28 | Construir | Farm |
| 24:29 | Construir | Farm |
| 24:35 | Crear | Villager (Male) |
| 24:35 | Crear | Villager (Male) |
| 24:43 | Crear | Villager (Male) |
| 24:43 | Crear | Villager (Male) |
| 24:45 | Crear | Villager (Male) |
| 24:46 | Crear | Villager (Male) |
| 24:46 | Crear | Villager (Male) |
| 25:20 | Construir | Stone Wall |
| 25:37 | Crear | Villager (Male) ×5 |
| 25:50 | Construir | Siege Workshop |
| 26:03 | Crear | Villager (Male) ×5 |
| 26:10 | Construir | Farm |
| 26:10 | Construir | Farm |
| 26:10 | Construir | Farm |
| 26:10 | Construir | Farm |
| 26:11 | Construir | Farm |
| 26:11 | Construir | Farm |
| 26:29 | Investigar | Double-Bit Axe |
| 26:40 | Investigar | Horse Collar |
| 26:41 | Investigar | Horse Collar |
| 26:56 | Construir | Farm |
| 27:10 | Construir | House |
| 27:17 | Investigar | Wheelbarrow |
| 27:18 | Investigar | Town Watch |
| 27:27 | Construir | Farm |
| 27:55 | Construir | House |
| 27:57 | Construir | House |
| 27:58 | Construir | House |
| 27:59 | Construir | House |
| 28:02 | Construir | House |
| 28:03 | Construir | House |
| 28:19 | Crear | Villager (Male) ×5 |
| 28:23 | Construir | House |
| 28:41 | Construir | Barracks |
| 28:50 | Crear | Iron Pagoda |
| 28:51 | Crear | Iron Pagoda |
| 29:02 | Crear | Villager (Male) ×5 |
| 29:32 | Construir | Farm |
| 29:32 | Construir | Farm |
| 29:32 | Construir | Farm |
| 29:32 | Construir | Farm |
| 29:32 | Construir | Farm |
| 29:35 | Construir | Farm |
| 29:35 | Construir | Farm |
| 29:36 | Construir | Farm |
| 29:36 | Construir | Farm |
| 29:37 | Construir | Farm |
| 29:37 | Construir | Farm |
| 29:38 | Construir | Farm |
| 29:39 | Construir | Farm |
| 29:39 | Construir | Farm |
| 29:39 | Construir | Farm |
| 29:39 | Construir | Farm |
| 29:40 | Construir | Farm |
| 29:40 | Construir | Farm |
| 29:40 | Construir | Farm |
| 29:40 | Construir | Farm |
| 29:41 | Construir | Farm |
| 29:41 | Construir | Farm |
| 29:41 | Construir | Farm |
| 29:41 | Construir | Farm |
| 29:42 | Construir | Farm |
| 29:42 | Construir | Farm |
| 29:42 | Construir | Farm |
| 29:43 | Construir | Farm |
| 29:43 | Construir | Farm |
| 29:43 | Construir | Farm |
| 29:43 | Construir | Farm |
| 29:44 | Construir | Farm |
| 29:44 | Construir | Farm |
| 29:44 | Construir | Farm |
Build order — 專打臭嘴狗
Primeras 150 de 334 acciones detectadas
| 0:24 | Construir | House |
| 0:27 | Construir | House |
| 0:29 | Construir | House |
| 0:32 | Crear | Villager (Male) |
| 0:33 | Crear | Villager (Male) |
| 0:33 | Crear | Villager (Male) |
| 0:33 | Crear | Villager (Male) |
| 0:34 | Crear | Villager (Male) |
| 0:34 | Crear | Villager (Male) |
| 2:15 | Crear | Villager (Male) |
| 2:16 | Crear | Villager (Male) |
| 2:46 | Crear | Villager (Male) |
| 2:46 | Crear | Villager (Male) |
| 3:00 | Crear | Villager (Male) |
| 3:00 | Crear | Villager (Male) |
| 3:46 | Crear | Villager (Male) |
| 3:46 | Crear | Villager (Male) |
| 3:46 | Crear | Villager (Male) |
| 4:11 | Crear | Villager (Male) |
| 4:11 | Crear | Villager (Male) |
| 4:20 | Crear | Villager (Male) |
| 4:21 | Crear | Villager (Male) |
| 4:51 | Crear | Villager (Male) |
| 4:51 | Crear | Villager (Male) |
| 4:56 | Crear | Villager (Male) |
| 4:57 | Crear | Villager (Male) |
| 5:07 | Crear | Villager (Male) |
| 5:08 | Crear | Villager (Male) |
| 5:56 | Crear | Villager (Male) |
| 5:57 | Crear | Villager (Male) |
| 5:57 | Crear | Villager (Male) |
| 6:20 | Construir | Mill |
| 6:21 | Crear | Villager (Male) |
| 6:21 | Crear | Villager (Male) |
| 7:51 | Construir | Lumber Camp |
| 8:11 | Investigar | Loom |
| 9:07 | Investigar | Feudal Age |
| 10:58 | Construir | Mill |
| 11:17 | Edad | Edad Feudal |
| 11:30 | Crear | Villager (Male) |
| 11:30 | Crear | Villager (Male) |
| 11:30 | Crear | Villager (Male) |
| 11:30 | Crear | Villager (Male) |
| 11:31 | Crear | Villager (Male) |
| 11:31 | Crear | Villager (Male) |
| 11:31 | Crear | Villager (Male) |
| 11:31 | Crear | Villager (Male) |
| 11:31 | Crear | Villager (Male) |
| 11:32 | Crear | Villager (Male) |
| 11:32 | Crear | Villager (Male) |
| 11:32 | Crear | Villager (Male) |
| 11:33 | Crear | Villager (Male) |
| 11:33 | Crear | Villager (Male) |
| 11:34 | Crear | Villager (Male) |
| 11:34 | Crear | Villager (Male) |
| 12:38 | Construir | House |
| 12:40 | Construir | House |
| 12:41 | Construir | House |
| 13:04 | Construir | Mining Camp |
| 14:07 | Construir | Mining Camp |
| 14:25 | Investigar | Double-Bit Axe |
| 14:48 | Construir | Blacksmith |
| 15:12 | Investigar | Horse Collar |
| 15:29 | Construir | Market |
| 15:56 | Construir | Farm |
| 16:02 | Construir | Farm |
| 16:11 | Construir | Farm |
| 16:48 | Construir | House |
| 16:49 | Construir | House |
| 16:54 | Construir | Farm |
| 17:00 | Investigar | Castle Age |
| 17:06 | Construir | Farm |
| 17:23 | Construir | Farm |
| 17:28 | Construir | Farm |
| 17:32 | Construir | Farm |
| 17:38 | Construir | Farm |
| 17:43 | Construir | Farm |
| 19:15 | Construir | Barracks |
| 19:31 | Construir | House |
| 19:32 | Construir | House |
| 19:49 | Construir | Farm |
| 19:51 | Construir | Farm |
| 19:54 | Construir | Farm |
| 20:09 | Construir | Lumber Camp |
| 20:24 | Investigar | Stone Mining |
| 20:25 | Edad | Edad de los Castillos |
| 20:37 | Investigar | Gold Mining |
| 20:41 | Crear | Villager (Male) |
| 20:41 | Crear | Villager (Male) |
| 20:42 | Crear | Villager (Male) |
| 20:42 | Crear | Villager (Male) |
| 20:42 | Crear | Villager (Male) |
| 20:42 | Crear | Villager (Male) |
| 20:43 | Crear | Villager (Male) |
| 20:43 | Crear | Villager (Male) |
| 20:43 | Crear | Villager (Male) |
| 20:44 | Crear | Villager (Male) |
| 21:00 | Investigar | Bow Saw |
| 22:02 | Construir | Castle |
| 22:28 | Investigar | Heavy Plow |
| 22:41 | Investigar | Pikeman (upgrade) |
| 22:49 | Investigar | Arson |
| 22:53 | Investigar | Squires |
| 23:05 | Investigar | Stone Shaft Mining |
| 23:46 | Crear | Villager (Male) |
| 23:46 | Crear | Villager (Male) |
| 23:47 | Crear | Villager (Male) |
| 24:11 | Construir | Siege Workshop |
| 24:13 | Construir | Siege Workshop |
| 24:35 | Construir | Town Center |
| 25:17 | Construir | Barracks |
| 25:43 | Construir | Stable |
| 25:45 | Construir | Stable |
| 25:51 | Investigar | Szlachta Privileges |
| 26:00 | Investigar | Wheelbarrow |
| 26:00 | Crear | Villager (Male) |
| 26:01 | Crear | Villager (Male) |
| 26:18 | Crear | Villager (Male) |
| 26:18 | Crear | Villager (Male) |
| 26:26 | Construir | Farm |
| 26:33 | Crear | Villager (Male) |
| 26:34 | Crear | Villager (Male) |
| 26:34 | Crear | Villager (Male) |
| 26:59 | Construir | Town Center |
| 27:12 | Construir | Mining Camp |
| 27:26 | Construir | Farm |
| 27:28 | Crear | Villager (Male) |
| 27:28 | Crear | Villager (Male) |
| 27:28 | Crear | Villager (Male) |
| 27:28 | Crear | Villager (Male) |
| 27:35 | Construir | Farm |
| 27:38 | Construir | Farm |
| 27:47 | Crear | Villager (Male) |
| 27:47 | Crear | Villager (Male) |
| 27:48 | Crear | Villager (Male) |
| 27:50 | Crear | Villager (Male) |
| 27:50 | Crear | Villager (Male) |
| 28:01 | Construir | Farm |
| 28:02 | Construir | Farm |
| 28:04 | Crear | Villager (Male) |
| 28:05 | Crear | Villager (Male) |
| 28:05 | Crear | Villager (Male) |
| 28:39 | Construir | University |
| 28:47 | Construir | Monastery |
| 28:55 | Construir | Farm |
| 28:56 | Construir | Farm |
| 29:07 | Investigar | Hand Cart |
| 29:07 | Crear | Villager (Male) |
| 29:08 | Crear | Villager (Male) |
| 29:08 | Crear | Villager (Male) |
Build order — François
Primeras 150 de 422 acciones detectadas
| 0:06 | Construir | House |
| 0:09 | Construir | House |
| 0:09 | Crear | Villager (Male) |
| 0:10 | Crear | Villager (Male) |
| 0:10 | Crear | Villager (Male) |
| 0:10 | Crear | Villager (Male) |
| 0:10 | Crear | Villager (Male) |
| 1:36 | Crear | Villager (Male) |
| 1:36 | Crear | Villager (Male) |
| 1:37 | Crear | Villager (Male) |
| 2:14 | Crear | Villager (Male) |
| 2:14 | Crear | Villager (Male) |
| 2:15 | Crear | Villager (Male) |
| 2:41 | Crear | Villager (Male) |
| 2:41 | Crear | Villager (Male) |
| 2:41 | Crear | Villager (Male) |
| 2:48 | Construir | Lumber Camp |
| 3:08 | Crear | Villager (Male) |
| 3:08 | Crear | Villager (Male) |
| 3:08 | Crear | Villager (Male) |
| 3:11 | Construir | House |
| 3:51 | Crear | Villager (Male) |
| 3:52 | Crear | Villager (Male) |
| 3:52 | Crear | Villager (Male) |
| 3:52 | Crear | Villager (Male) |
| 4:53 | Crear | Villager (Male) |
| 4:53 | Crear | Villager (Male) |
| 4:53 | Crear | Villager (Male) |
| 4:54 | Crear | Villager (Male) |
| 5:04 | Construir | House |
| 5:52 | Construir | Mill |
| 6:18 | Crear | Villager (Male) |
| 6:18 | Crear | Villager (Male) |
| 6:34 | Crear | Villager (Male) |
| 6:34 | Crear | Villager (Male) |
| 6:34 | Crear | Villager (Male) |
| 6:34 | Crear | Villager (Male) |
| 6:35 | Crear | Villager (Male) |
| 6:35 | Crear | Villager (Male) |
| 7:12 | Construir | House |
| 7:51 | Crear | Villager (Male) |
| 7:51 | Crear | Villager (Male) |
| 8:56 | Construir | Mining Camp |
| 9:40 | Investigar | Feudal Age |
| 9:53 | Construir | House |
| 9:56 | Construir | House |
| 10:36 | Construir | Farm |
| 10:37 | Construir | Farm |
| 10:40 | Construir | Farm |
| 10:41 | Construir | Farm |
| 10:42 | Construir | Farm |
| 10:43 | Construir | Farm |
| 10:45 | Construir | Farm |
| 10:47 | Construir | Farm |
| 10:52 | Crear | Villager (Male) |
| 10:52 | Crear | Villager (Male) |
| 10:52 | Crear | Villager (Male) |
| 10:52 | Crear | Villager (Male) |
| 11:34 | Crear | Villager (Male) |
| 12:13 | Edad | Edad Feudal |
| 12:18 | Construir | Market |
| 12:20 | Crear | Villager (Male) |
| 12:36 | Construir | Blacksmith |
| 12:46 | Construir | Farm |
| 12:47 | Construir | Farm |
| 12:53 | Construir | Farm |
| 12:56 | Crear | Villager (Male) |
| 12:56 | Crear | Villager (Male) |
| 13:27 | Construir | Farm |
| 13:50 | Crear | Villager (Male) |
| 13:50 | Crear | Villager (Male) |
| 14:15 | Investigar | Castle Age |
| 14:35 | Construir | Farm |
| 14:41 | Investigar | Double-Bit Axe |
| 14:45 | Investigar | Horse Collar |
| 15:34 | Crear | Villager (Male) |
| 15:34 | Crear | Villager (Male) |
| 15:34 | Crear | Villager (Male) |
| 15:35 | Crear | Villager (Male) |
| 15:35 | Crear | Villager (Male) |
| 16:17 | Investigar | Scale Barding Armor |
| 17:48 | Edad | Edad de los Castillos |
| 17:54 | Construir | Town Center |
| 17:58 | Crear | Villager (Male) |
| 18:13 | Construir | Town Center |
| 18:18 | Crear | Villager (Male) |
| 18:28 | Construir | Farm |
| 18:35 | Construir | Farm |
| 18:38 | Crear | Villager (Male) |
| 18:38 | Crear | Villager (Male) |
| 18:38 | Crear | Villager (Male) |
| 19:09 | Construir | House |
| 19:11 | Construir | House |
| 19:14 | Crear | Villager (Male) |
| 19:14 | Crear | Villager (Male) |
| 19:23 | Construir | Farm |
| 19:28 | Construir | Farm |
| 19:32 | Construir | Farm |
| 19:37 | Construir | Farm |
| 19:41 | Crear | Villager (Male) |
| 19:42 | Crear | Villager (Male) |
| 19:42 | Crear | Villager (Male) |
| 20:29 | Construir | University |
| 20:30 | Crear | Villager (Male) |
| 20:31 | Crear | Villager (Male) |
| 20:32 | Crear | Villager (Male) |
| 20:33 | Crear | Villager (Male) |
| 20:40 | Construir | House |
| 20:46 | Crear | Villager (Male) |
| 20:46 | Crear | Villager (Male) |
| 20:47 | Crear | Villager (Male) |
| 20:47 | Crear | Villager (Male) |
| 20:51 | Construir | Farm |
| 21:07 | Construir | Farm |
| 21:09 | Crear | Villager (Male) |
| 21:10 | Crear | Villager (Male) |
| 21:11 | Crear | Villager (Male) |
| 21:11 | Crear | Villager (Male) |
| 21:16 | Crear | Villager (Male) |
| 21:18 | Crear | Villager (Male) |
| 21:21 | Construir | Farm |
| 21:38 | Crear | Villager (Male) |
| 21:38 | Crear | Villager (Male) |
| 21:39 | Crear | Villager (Male) |
| 21:41 | Construir | Farm |
| 21:46 | Investigar | Murder Holes |
| 21:56 | Construir | Farm |
| 22:00 | Construir | Farm |
| 22:10 | Crear | Villager (Male) |
| 22:10 | Crear | Villager (Male) |
| 22:11 | Crear | Villager (Male) |
| 22:15 | Construir | Farm |
| 22:18 | Construir | Farm |
| 22:25 | Crear | Villager (Male) |
| 22:26 | Crear | Villager (Male) |
| 22:50 | Construir | Castle |
| 23:02 | Crear | Villager (Male) |
| 23:03 | Crear | Villager (Male) |
| 23:03 | Crear | Villager (Male) |
| 23:04 | Crear | Villager (Male) |
| 23:11 | Construir | Farm |
| 23:19 | Construir | Farm |
| 23:22 | Construir | Farm |
| 23:30 | Construir | Barracks |
| 23:32 | Crear | Villager (Male) |
| 23:33 | Crear | Villager (Male) |
| 23:33 | Crear | Villager (Male) |
| 23:34 | Crear | Villager (Male) |
| 23:44 | Construir | House |
| 23:46 | Construir | House |
Build order — 菜酱
Primeras 150 de 432 acciones detectadas
| 0:02 | Crear | Villager (Male) |
| 0:06 | Construir | House |
| 0:11 | Construir | House |
| 0:59 | Crear | Villager (Male) |
| 0:59 | Crear | Villager (Male) |
| 1:00 | Crear | Villager (Male) |
| 1:54 | Crear | Villager (Male) |
| 2:19 | Crear | Villager (Male) |
| 2:45 | Crear | Villager (Male) |
| 3:10 | Crear | Villager (Male) |
| 3:31 | Crear | Villager (Male) |
| 3:38 | Construir | House |
| 3:43 | Construir | House |
| 3:52 | Crear | Villager (Male) |
| 4:23 | Crear | Villager (Male) |
| 4:28 | Construir | Lumber Camp |
| 4:50 | Construir | Mill |
| 5:00 | Crear | Villager (Male) |
| 5:24 | Crear | Villager (Male) |
| 6:02 | Crear | Villager (Male) |
| 6:22 | Crear | Villager (Male) |
| 6:39 | Crear | Villager (Male) |
| 7:15 | Crear | Villager (Male) |
| 7:32 | Crear | Villager (Male) |
| 7:49 | Construir | House |
| 8:08 | Crear | Villager (Male) |
| 8:09 | Crear | Villager (Male) |
| 9:01 | Crear | Villager (Male) |
| 9:31 | Crear | Villager (Male) |
| 9:50 | Crear | Villager (Male) |
| 10:02 | Construir | Mining Camp |
| 10:28 | Investigar | Feudal Age |
| 11:33 | Crear | Villager (Male) |
| 11:33 | Crear | Villager (Male) |
| 12:10 | Construir | House |
| 12:22 | Construir | House |
| 12:38 | Edad | Edad Feudal |
| 12:42 | Investigar | Double-Bit Axe |
| 12:44 | Investigar | Horse Collar |
| 12:51 | Construir | Market |
| 12:54 | Construir | Blacksmith |
| 13:17 | Construir | Farm |
| 13:20 | Construir | Farm |
| 13:22 | Construir | Farm |
| 13:23 | Construir | Farm |
| 13:25 | Construir | Farm |
| 13:29 | Construir | Farm |
| 13:37 | Construir | Farm |
| 13:38 | Construir | Farm |
| 13:40 | Construir | Farm |
| 13:42 | Construir | Farm |
| 13:45 | Construir | Farm |
| 13:48 | Construir | Farm |
| 13:49 | Construir | Farm |
| 13:52 | Construir | Farm |
| 14:26 | Crear | Villager (Male) |
| 14:32 | Construir | Farm |
| 15:07 | Construir | Farm |
| 15:09 | Investigar | Castle Age |
| 17:15 | Investigar | Loom |
| 17:16 | Crear | Villager (Male) |
| 17:16 | Crear | Villager (Male) |
| 17:49 | Edad | Edad de los Castillos |
| 17:58 | Construir | Town Center |
| 18:02 | Investigar | Bow Saw |
| 18:05 | Investigar | Heavy Plow |
| 18:49 | Construir | Town Center |
| 19:00 | Crear | Villager (Male) |
| 19:01 | Crear | Villager (Male) |
| 19:03 | Crear | Villager (Male) |
| 19:34 | Crear | Villager (Male) |
| 19:35 | Crear | Villager (Male) |
| 19:49 | Construir | Mining Camp |
| 19:54 | Crear | Villager (Male) |
| 19:54 | Crear | Villager (Male) |
| 19:55 | Crear | Villager (Male) |
| 20:00 | Crear | Villager (Male) |
| 20:00 | Crear | Villager (Male) |
| 20:02 | Crear | Villager (Male) |
| 20:03 | Crear | Villager (Male) |
| 20:18 | Investigar | Stone Mining |
| 20:32 | Construir | Farm |
| 20:34 | Crear | Villager (Male) |
| 20:36 | Crear | Villager (Male) |
| 20:56 | Crear | Villager (Male) |
| 20:56 | Crear | Villager (Male) |
| 21:11 | Construir | Farm |
| 21:12 | Construir | Farm |
| 21:22 | Construir | House |
| 21:23 | Construir | House |
| 21:24 | Construir | House |
| 21:25 | Construir | House |
| 21:35 | Crear | Villager (Male) |
| 21:36 | Crear | Villager (Male) |
| 21:37 | Construir | Farm |
| 21:41 | Crear | Villager (Male) |
| 21:43 | Crear | Villager (Male) |
| 21:51 | Crear | Villager (Male) |
| 22:30 | Construir | House |
| 22:31 | Construir | House |
| 22:32 | Construir | House |
| 22:33 | Construir | House |
| 22:34 | Construir | House |
| 22:34 | Construir | House |
| 22:41 | Crear | Villager (Male) |
| 22:42 | Crear | Villager (Male) |
| 22:43 | Construir | Farm |
| 22:48 | Construir | Farm |
| 22:58 | Crear | Villager (Male) |
| 22:59 | Crear | Villager (Male) |
| 23:00 | Crear | Villager (Male) |
| 23:21 | Construir | Monastery |
| 23:34 | Crear | Villager (Male) |
| 23:35 | Crear | Villager (Male) |
| 23:42 | Crear | Villager (Male) |
| 23:42 | Crear | Villager (Male) |
| 23:49 | Construir | Lumber Camp |
| 23:54 | Construir | Monastery |
| 24:00 | Investigar | Gold Mining |
| 24:02 | Crear | Villager (Male) |
| 24:05 | Construir | Farm |
| 24:06 | Construir | Farm |
| 24:07 | Construir | Farm |
| 24:09 | Crear | Villager (Male) |
| 24:11 | Crear | Villager (Male) |
| 24:11 | Crear | Villager (Male) |
| 24:15 | Crear | Villager (Male) |
| 24:15 | Crear | Villager (Male) |
| 25:01 | Construir | Castle |
| 25:16 | Crear | Villager (Male) |
| 25:16 | Crear | Villager (Male) |
| 25:18 | Crear | Villager (Male) |
| 25:18 | Crear | Villager (Male) |
| 25:27 | Construir | Farm |
| 25:29 | Construir | Farm |
| 25:35 | Crear | Villager (Male) |
| 25:35 | Crear | Villager (Male) |
| 25:36 | Crear | Villager (Male) |
| 25:40 | Construir | Mining Camp |
| 25:43 | Crear | Monk |
| 26:01 | Crear | Villager (Male) |
| 26:01 | Crear | Villager (Male) |
| 26:03 | Crear | Villager (Male) |
| 26:03 | Crear | Villager (Male) |
| 26:07 | Construir | Farm |
| 26:12 | Construir | Farm |
| 26:29 | Construir | House |
| 26:30 | Construir | House |
| 26:31 | Construir | House |
| 26:32 | Construir | House |
Build order — Zombie
Primeras 150 de 259 acciones detectadas
| 0:05 | Construir | House |
| 0:06 | Crear | Villager (Male) |
| 0:06 | Crear | Villager (Male) |
| 0:07 | Crear | Villager (Male) |
| 0:15 | Crear | Villager (Male) |
| 0:23 | Construir | House |
| 1:42 | Crear | Villager (Male) |
| 2:04 | Crear | Villager (Male) |
| 2:29 | Crear | Villager (Male) |
| 2:45 | Construir | Lumber Camp |
| 3:08 | Crear | Villager (Male) |
| 3:19 | Construir | House |
| 3:22 | Crear | Villager (Male) |
| 3:51 | Crear | Villager (Male) |
| 4:26 | Construir | Mill |
| 4:31 | Crear | Villager (Male) |
| 4:50 | Crear | Villager (Male) |
| 5:06 | Crear | Villager (Male) |
| 5:27 | Crear | Villager (Male) |
| 5:38 | Construir | House |
| 5:44 | Crear | Villager (Male) |
| 6:14 | Crear | Villager (Male) |
| 6:21 | Crear | Villager (Male) |
| 6:54 | Crear | Villager (Male) |
| 7:08 | Crear | Villager (Male) |
| 7:51 | Crear | Villager (Male) |
| 8:08 | Construir | House |
| 8:09 | Construir | House |
| 8:19 | Crear | Villager (Male) |
| 8:36 | Construir | Farm |
| 8:38 | Construir | Farm |
| 8:39 | Construir | Farm |
| 8:41 | Construir | Farm |
| 8:51 | Crear | Villager (Male) |
| 8:53 | Investigar | Feudal Age |
| 9:33 | Crear | Villager (Male) |
| 10:05 | Crear | Villager (Male) |
| 10:36 | Construir | Mining Camp |
| 11:16 | Edad | Edad Feudal |
| 11:25 | Investigar | Double-Bit Axe |
| 11:28 | Investigar | Gold Mining |
| 11:33 | Investigar | Horse Collar |
| 11:34 | Crear | Villager (Male) |
| 11:54 | Crear | Villager (Male) |
| 12:06 | Construir | Farm |
| 12:18 | Construir | Farm |
| 12:21 | Construir | Farm |
| 12:34 | Crear | Villager (Male) |
| 12:52 | Crear | Villager (Male) |
| 13:08 | Construir | Market |
| 13:17 | Crear | Villager (Male) |
| 13:33 | Crear | Villager (Male) |
| 13:50 | Construir | Barracks |
| 13:56 | Crear | Villager (Male) |
| 14:07 | Construir | House |
| 14:09 | Construir | House |
| 14:17 | Crear | Villager (Male) |
| 14:27 | Construir | Farm |
| 14:36 | Construir | Farm |
| 14:52 | Construir | Blacksmith |
| 15:01 | Crear | Villager (Male) |
| 15:23 | Construir | Farm |
| 15:30 | Crear | Villager (Male) |
| 15:48 | Construir | Farm |
| 15:55 | Crear | Villager (Male) |
| 16:13 | Crear | Trade Cart ×3 |
| 16:18 | Crear | Villager (Male) |
| 16:28 | Construir | Farm |
| 16:37 | Construir | Farm |
| 16:39 | Crear | Villager (Male) |
| 16:54 | Construir | Farm |
| 17:22 | Crear | Villager (Male) |
| 17:39 | Construir | House |
| 17:41 | Construir | House |
| 17:52 | Construir | Farm |
| 17:55 | Construir | Farm |
| 17:57 | Construir | Farm |
| 18:02 | Crear | Villager (Male) |
| 18:08 | Construir | Farm |
| 18:17 | Crear | Villager (Male) |
| 18:36 | Construir | Farm |
| 18:48 | Investigar | Castle Age |
| 19:00 | Construir | Farm |
| 19:07 | Crear | Trade Cart |
| 19:07 | Crear | Trade Cart |
| 19:27 | Crear | Villager (Male) |
| 19:46 | Investigar | Stone Mining |
| 19:59 | Construir | Archery Range |
| 20:21 | Construir | Archery Range |
| 20:42 | Crear | Villager (Male) |
| 21:00 | Crear | Spearman |
| 21:32 | Edad | Edad de los Castillos |
| 21:35 | Investigar | Wheelbarrow |
| 21:42 | Construir | Town Center |
| 21:51 | Crear | Villager (Male) |
| 21:54 | Investigar | Bow Saw |
| 21:57 | Investigar | Gold Shaft Mining |
| 22:25 | Investigar | Heavy Plow |
| 22:37 | Construir | House |
| 22:40 | Construir | House |
| 22:42 | Construir | House |
| 22:43 | Construir | House |
| 22:46 | Crear | Villager (Male) |
| 23:04 | Crear | Villager (Male) |
| 23:17 | Construir | Monastery |
| 23:22 | Crear | Villager (Male) |
| 23:35 | Investigar | Caravan |
| 23:36 | Crear | Trade Cart |
| 23:48 | Crear | Villager (Male) ×5 |
| 24:19 | Construir | University |
| 24:24 | Crear | Villager (Male) |
| 24:27 | Crear | Villager (Male) |
| 24:39 | Crear | Trade Cart |
| 24:44 | Crear | Monk |
| 25:23 | Investigar | Hand Cart |
| 25:24 | Crear | Villager (Male) |
| 26:07 | Crear | Villager (Male) |
| 26:09 | Crear | Villager (Male) |
| 26:38 | Crear | Villager (Male) |
| 26:41 | Crear | Villager (Male) |
| 26:55 | Construir | House |
| 26:56 | Construir | House |
| 26:58 | Construir | House |
| 27:04 | Crear | Villager (Male) |
| 27:24 | Investigar | Treadmill Crane |
| 27:56 | Crear | Villager (Male) |
| 28:00 | Investigar | Imperial Age |
| 28:07 | Crear | Trade Cart ×5 |
| 28:26 | Construir | Town Center |
| 28:32 | Construir | Mining Camp |
| 28:56 | Crear | Villager (Male) |
| 28:56 | Crear | Villager (Male) |
| 29:01 | Crear | Villager (Male) |
| 29:01 | Crear | Villager (Male) |
| 29:44 | Crear | Villager (Male) |
| 29:46 | Crear | Villager (Male) |
| 29:46 | Crear | Villager (Male) |
| 29:50 | Crear | Villager (Male) ×5 |
| 30:07 | Construir | Castle |
| 30:21 | Crear | Villager (Male) |
| 30:23 | Crear | Villager (Male) |
| 30:29 | Crear | Villager (Male) |
| 30:29 | Crear | Villager (Male) |
| 30:40 | Construir | House |
| 30:42 | Construir | House |
| 30:43 | Construir | House |
| 30:44 | Construir | House |
| 30:46 | Construir | House |
| 30:47 | Construir | House |
| 30:48 | Construir | House |
Build order — 所以狼
Primeras 150 de 403 acciones detectadas
| 0:01 | Crear | Villager (Male) |
| 0:01 | Crear | Villager (Male) |
| 0:02 | Crear | Villager (Male) |
| 0:02 | Crear | Villager (Male) |
| 0:04 | Construir | House |
| 0:32 | Construir | House |
| 0:34 | Construir | House |
| 0:35 | Construir | House |
| 1:40 | Crear | Villager (Male) |
| 2:02 | Crear | Villager (Male) |
| 2:19 | Construir | Lumber Camp |
| 2:26 | Crear | Villager (Male) |
| 2:45 | Crear | Villager (Male) |
| 3:14 | Crear | Villager (Male) |
| 3:39 | Crear | Villager (Male) |
| 4:01 | Crear | Villager (Male) |
| 4:36 | Crear | Villager (Male) |
| 4:45 | Construir | Mill |
| 5:01 | Crear | Villager (Male) |
| 5:34 | Crear | Villager (Male) |
| 5:58 | Crear | Villager (Male) |
| 6:18 | Crear | Villager (Male) |
| 6:45 | Crear | Villager (Male) |
| 7:04 | Construir | Farm |
| 7:19 | Crear | Villager (Male) |
| 7:24 | Construir | Farm |
| 7:31 | Construir | Farm |
| 7:39 | Crear | Villager (Male) |
| 7:50 | Construir | Farm |
| 8:06 | Crear | Villager (Male) |
| 8:22 | Construir | House |
| 8:25 | Crear | Villager (Male) |
| 8:47 | Crear | Villager (Male) |
| 9:06 | Construir | Farm |
| 9:08 | Crear | Villager (Male) |
| 9:19 | Construir | Mining Camp |
| 9:23 | Construir | House |
| 9:25 | Construir | House |
| 9:26 | Construir | House |
| 9:29 | Crear | Villager (Male) |
| 10:17 | Investigar | Feudal Age |
| 10:25 | Construir | Mining Camp |
| 10:51 | Crear | Villager (Male) |
| 10:52 | Crear | Villager (Male) |
| 10:52 | Crear | Villager (Male) |
| 10:52 | Crear | Villager (Male) |
| 10:56 | Crear | Villager (Male) |
| 11:14 | Construir | Mill |
| 11:48 | Construir | Farm |
| 11:49 | Construir | Farm |
| 12:27 | Edad | Edad Feudal |
| 12:29 | Crear | Villager (Male) |
| 12:39 | Construir | Market |
| 12:48 | Construir | Blacksmith |
| 13:35 | Construir | Barracks |
| 13:39 | Investigar | Castle Age |
| 14:01 | Investigar | Double-Bit Axe |
| 14:26 | Construir | House |
| 14:56 | Investigar | Horse Collar |
| 15:33 | Construir | House |
| 15:38 | Investigar | Stone Mining |
| 16:01 | Crear | Villager (Male) |
| 16:02 | Crear | Villager (Male) |
| 16:02 | Crear | Villager (Male) |
| 16:02 | Crear | Villager (Male) |
| 16:06 | Investigar | Gold Mining |
| 16:22 | Edad | Edad de los Castillos |
| 16:25 | Construir | Monastery |
| 16:33 | Crear | Villager (Male) |
| 17:10 | Crear | Monk |
| 17:16 | Construir | House |
| 17:20 | Crear | Villager (Male) |
| 17:31 | Construir | Town Center |
| 17:56 | Crear | Monk |
| 18:00 | Construir | House |
| 18:17 | Crear | Villager (Male) |
| 18:39 | Crear | Villager (Male) |
| 18:45 | Crear | Monk |
| 18:48 | Construir | House |
| 19:02 | Crear | Villager (Male) |
| 19:03 | Crear | Villager (Male) |
| 19:03 | Crear | Villager (Male) |
| 19:03 | Crear | Villager (Male) |
| 19:26 | Crear | Villager (Male) |
| 19:28 | Construir | Farm |
| 19:35 | Construir | Lumber Camp |
| 19:37 | Crear | Villager (Male) |
| 19:51 | Construir | Town Center |
| 19:57 | Construir | House |
| 19:59 | Crear | Villager (Male) |
| 19:59 | Crear | Villager (Male) |
| 20:00 | Crear | Villager (Male) |
| 20:04 | Crear | Villager (Male) |
| 20:37 | Crear | Villager (Male) |
| 20:39 | Crear | Villager (Male) |
| 20:44 | Construir | House |
| 20:47 | Construir | Farm |
| 21:01 | Construir | House |
| 21:10 | Crear | Villager (Male) |
| 21:14 | Crear | Villager (Male) |
| 21:40 | Construir | Castle |
| 21:52 | Construir | Farm |
| 21:53 | Construir | Farm |
| 21:55 | Construir | Farm |
| 21:56 | Construir | Farm |
| 21:59 | Crear | Villager (Male) |
| 22:07 | Crear | Villager (Male) |
| 22:08 | Crear | Villager (Male) |
| 22:35 | Investigar | Wheelbarrow |
| 22:35 | Investigar | Loom |
| 23:07 | Crear | Villager (Male) |
| 23:15 | Construir | Farm |
| 23:17 | Crear | Villager (Male) |
| 23:27 | Construir | Town Center |
| 23:33 | Crear | Villager (Male) |
| 23:34 | Crear | Villager (Male) |
| 23:42 | Construir | Mining Camp |
| 23:44 | Crear | Villager (Male) |
| 23:45 | Crear | Villager (Male) |
| 23:56 | Crear | Villager (Male) |
| 24:01 | Construir | Farm |
| 24:28 | Construir | Mining Camp |
| 24:40 | Construir | Castle |
| 24:50 | Crear | Villager (Male) |
| 24:50 | Crear | Villager (Male) |
| 25:02 | Crear | Villager (Male) |
| 25:02 | Crear | Villager (Male) |
| 25:05 | Crear | Villager (Male) |
| 25:05 | Crear | Villager (Male) |
| 25:17 | Investigar | Fletching |
| 25:55 | Construir | Castle |
| 26:04 | Construir | Farm |
| 26:05 | Construir | Farm |
| 26:06 | Construir | Farm |
| 26:08 | Construir | Farm |
| 26:10 | Crear | Villager (Male) |
| 26:10 | Crear | Villager (Male) |
| 26:10 | Crear | Villager (Male) |
| 26:12 | Crear | Villager (Male) |
| 26:13 | Crear | Villager (Male) |
| 26:13 | Crear | Villager (Male) |
| 26:21 | Construir | Town Center |
| 26:56 | Investigar | Imperial Age |
| 27:04 | Construir | Farm |
| 27:06 | Construir | Farm |
| 27:07 | Construir | Farm |
| 27:10 | Construir | Farm |
| 27:18 | Crear | Villager (Male) |
| 27:19 | Crear | Villager (Male) |
| 27:19 | Crear | Villager (Male) |
Cronología de la partida
| 11:16 | Zombie · age_up feudal |
| 11:17 | 專打臭嘴狗 · age_up feudal |
| 12:13 | François · age_up feudal |
| 12:27 | 所以狼 · age_up feudal |
| 12:38 | 菜酱 · age_up feudal |
| 13:35 | 所以狼 · first_building Barracks |
| 13:50 | Zombie · first_building Barracks |
| 14:28 | Meeting · first_building Barracks |
| 15:07 | Meeting · age_up feudal |
| 16:00 | Meeting · first_building Stable |
| 16:17 | 所以狼 · first_market_buy 100 wood |
| 16:22 | 所以狼 · age_up castle |
| 16:25 | 所以狼 · first_building Monastery |
| 17:48 | François · age_up castle |
| 17:49 | 菜酱 · age_up castle |
| 19:15 | 專打臭嘴狗 · first_building Barracks |
| 19:59 | Zombie · first_building Archery Range |
| 20:25 | 專打臭嘴狗 · age_up castle |
| 20:36 | Meeting · wall_segment Stone Wall x3 |
| 21:32 | Zombie · age_up castle |
| 21:39 | Meeting · age_up castle |
| 21:40 | 所以狼 · first_building Castle |
| 22:02 | 專打臭嘴狗 · first_building Castle |
| 22:50 | François · first_building Castle |
| 23:17 | Zombie · first_building Monastery |
| 23:21 | 菜酱 · first_building Monastery |
| 23:30 | François · first_building Barracks |
| 24:11 | 專打臭嘴狗 · first_building Siege Workshop |
| 25:01 | 菜酱 · first_building Castle |
| 25:20 | Meeting · wall_segment Stone Wall x5 |
| 25:38 | François · first_building Stable |
| 25:42 | 所以狼 · first_market_sell 100 wood |
| 25:43 | 專打臭嘴狗 · first_building Stable |
| 25:49 | François · first_building Siege Workshop |
| 25:50 | Meeting · first_building Siege Workshop |
| 27:50 | 菜酱 · first_building Barracks |
| 28:29 | 所以狼 · first_building Archery Range |
| 28:47 | 專打臭嘴狗 · first_building Monastery |
| 29:03 | 菜酱 · first_building Stable |
| 30:06 | 所以狼 · age_up imperial |
| 30:07 | Zombie · first_building Castle |
| 30:24 | 菜酱 · first_market_buy 100 stone |
| 30:33 | François · age_up imperial |
| 30:40 | Meeting · first_building Castle |
| 31:13 | Zombie · age_up imperial |
| 31:58 | 菜酱 · age_up imperial |
| 31:58 | Meeting · first_building Monastery |
| 35:42 | 所以狼 · first_building Stable |
| 36:00 | Meeting · age_up imperial |
| 36:53 | 專打臭嘴狗 · age_up imperial |
| 38:25 | 專打臭嘴狗 · first_building Archery Range |
| 41:29 | 專打臭嘴狗 · first_market_sell 100 wood |
| 42:21 | 菜酱 · resign |
[ ANÁLISIS IA · 1 CRÉDITO ]
¿Qué pasó realmente en esta partida?
Wolo.gg analiza cada decisión: build order, eco, micro, errores típicos por bracket. Análisis personalizado por WhatsApp o Discord en 30 segundos.
Guía civ
Yurchen
Guía mapa
Arena
Perfil
Meeting